 Dungeon Sprint DCSS version 0.29-a0-892-g2c4c91d9db (webtiles) character file.

Game seed: 5788892376808135718

2042 mhtbhm the Protected (level 9, -4/62 HPs)
             Began as a Gargoyle Fighter on July 23, 2022.
             Was a Believer of Makhleb.
             Slain by a catoblepas (16 damage)
             ... in the Dungeon (Sprint IX: "|||||||||||||||||||||||||||||").
             The game lasted 00:01:31 (875 turns).

mhtbhm the Protected (Gargoyle Fighter)              Turns: 875, Time: 00:01:31

Health: -4/62      AC: 15    Str: 24    XL:     9   Next: 24%
Magic:  14/15      EV: 12    Int: 12    God:    Makhleb [**....]
Gold:   0          SH:  6    Dex: 12    Spells: 8/8 levels left

rFire   . . .      SeeInvis .   a - +0 hand axe (vamp)
rCold   . . .      Faith    .   c - +0 buckler
rNeg    + . .      Spirit   .   b - +0 troll leather armour
rPois   ∞          Reflect  .   (no helmet)
rElec   +          Harm     .   m - +0 cloak
rCorr   .          Rampage  .   n - +0 pair of gloves
Will    .....      NoTele   +   (no boots)
Stlth   ++........              (no amulet)
HPRegen 1.00/turn               p - +3 ring of dexterity
MPRegen 0.14/turn               o - +3 ring of intelligence

@: no status effects
A: sickness immunity, AC +6, negative energy resistance 1, electricity
resistance, torment resistance 1, petrification resistance
a: Renounce Religion, Minor Destruction


You were in the Dungeon.
You worshipped Makhleb.
Makhleb was pleased with you.
You visited 1 branch

Inventory:

Hand Weapons
 a - a +0 vampiric hand axe (weapon)
Armour
 b - a +0 troll leather armour (worn)
 c - a +0 buckler (worn)
 m - a +0 cloak (worn)
 n - a +0 pair of gloves (worn)
Jewellery
 o - a +3 ring of intelligence (right hand)
 p - a +3 ring of dexterity (left hand)
Wands
 l - a wand of quicksilver (2)
Scrolls
 j - 2 scrolls of blinking
 k - 2 scrolls of amnesia
Potions
 d - a potion of might
 e - 4 potions of curing
 f - a potion of invisibility
 g - a potion of haste
 h - 4 potions of magic
 i - a potion of heal wounds


   Skills:
 + Level 10.1 Fighting
 + Level 4.1(6.8) Axes
 + Level 9.3(9.8) Maces & Flails
 + Level 10.3 Armour
 + Level 3.9 Dodging
 + Level 3.0 Stealth
 + Level 8.6 Shields
 * Level 8.9 Invocations
 + Level 3.0 Evocations


You had 8 spell levels left.
You didn't know any spells.
Your spell library was empty.

Dungeon Overview and Level Annotations

Branches:
Dungeon (1/1)

Altars:
Cheibriados
Dithmenos
Elyvilon
Fedhas
Gozag
Hepliaklqana
Kikubaaqudgha
Makhleb
Nemelex Xobeh
Okawaru
Qazlal
Ru
Sif Muna
Trog
Uskayaw
Vehumet
Wu Jian
Xom
Yredelemnul
Zin
The Shining One
Jiyva
Lugonu


Innate Abilities, Weirdness & Mutations

You are immune to sickness and miasma.
Your stone body is resilient. (AC +6)
You are immune to poison.
You resist negative energy. (rN+)
You are resistant to electric shocks. (rElec)
You are resistant to unholy torment.
You are immune to petrification.


Message History

Your Dodging skill increases to level 3!
Your Invocations skill increases to level 8!
You have reached level 9!
Your experience leads to an increase in your attributes!
Your base attributes are Str 22, Int 9, Dex 9.
Increase (S)trength, (I)ntelligence, or (D)exterity?
You feel stronger. x2
Unknown command.
The cyclops is engulfed in calcifying dust.
The cyclops stops moving altogether!
Unknown command.
The catoblepas breathes a plume of calcifying dust at you.
The blast of calcifying dust hits the cyclops.
The cyclops dies!
The blast of calcifying dust hits you but does no damage.
Your Fighting skill increases to level 10!
Your base Axes skill increases to level 4!
Your Evocations skill increases to level 3!
Things that are here:
a +0 shortbow; a centaur corpse The catoblepas closely misses you.
You see here 3 large rocks.
Unknown command.
You hit the catoblepas but do no damage.
The catoblepas is lightly wounded.
The catoblepas gores you.
Unknown command.
You hit the catoblepas.
You feel better.
The catoblepas is moderately wounded.
The catoblepas breathes a plume of calcifying dust at you.
The blast of calcifying dust hits you but does no damage.
Unknown command.
You hit the catoblepas but do no damage.
The catoblepas is moderately wounded.
The catoblepas gores you!!
* * * LOW HITPOINT WARNING * * *
You hit the catoblepas but do no damage.
The catoblepas is moderately wounded.
The catoblepas gores you!
You die... ▓▓▓▓▓▓▓▓▓▓▓▓▓▓▓▓▓▓▓▓▓▓ ).....[[÷..§..§)@Y{H.+ ▓▓▓▓▓▓▓▓▓▓▓▓▓▓▓▓▓▓▓▓▓▓

You could see a catoblepas and a manticore.

Vanquished Creatures
  A centaur warrior (D)
  3 trolls (D)
  A troll (shapeshifter) (D)
  A vampire mosquito (D)
  A gnoll sergeant (D)
  2 howler monkeys (D)
  An iguana (D)
  A dart slug (D)
  3 orcs (D)
  An endoplasm (D)
  A kobold (D)
  2 ball pythons (D)
18 creatures vanquished.

Vanquished Creatures (others)
  A cyclops (D)
1 creature vanquished.

Grand Total: 19 creatures vanquished

Notes
Turn   | Place    | Note
-------+----------+-------------------------------------------
     0 | D        | mhtbhm the Gargoyle Fighter began the quest for the Orb.
     0 | D        | Reached XP level 1. HP: 14/14 MP: 1/1
    22 | D        | Reached XP level 2. HP: 11/20 MP: 2/2
   177 | D        | Noticed a gnoll sergeant
   186 | D        | Reached skill level 5 in Shields
   186 | D        | Reached XP level 3. HP: 18/24 MP: 3/3
   198 | D        | Killed a gnoll sergeant
   199 | D        | Reached skill level 5 in Fighting
   199 | D        | Reached skill level 5 in Armour
   199 | D        | Reached skill level 1 in Stealth
   199 | D        | Reached XP level 4. HP: 12/31 MP: 4/4
   232 | D        | Found a snail-covered altar of Cheibriados.
   232 | D        | Found a shadowy altar of Dithmenos.
   232 | D        | Found a white marble altar of Elyvilon.
   232 | D        | Found a blossoming altar of Fedhas.
   232 | D        | Found an opulent altar of Gozag.
   233 | D        | Found a hazy altar of Hepliaklqana.
   419 | D        | Found a viscous altar of Jiyva.
   420 | D        | Found an ancient bone altar of Kikubaaqudgha.
   421 | D        | Found a corrupted altar of Lugonu.
   422 | D        | Found a burning altar of Makhleb.
   423 | D        | Found a sparkling altar of Nemelex Xobeh.
   424 | D        | Found an iron altar of Okawaru.
   425 | D        | Found a stormy altar of Qazlal.
   426 | D        | Found a sacrificial altar of Ru.
   427 | D        | Found a shimmering blue altar of Sif Muna.
   428 | D        | Found a bloodstained altar of Trog.
   429 | D        | Found a hide-covered altar of Uskayaw.
   430 | D        | Became a worshipper of Makhleb the Destroyer
   431 | D        | Found a radiant altar of Vehumet.
   432 | D        | Found an ornate altar of the Wu Jian Council.
   433 | D        | Found a shimmering altar of Xom.
   434 | D        | Found a basalt altar of Yredelemnul.
   435 | D        | Found a glowing silver altar of Zin.
   436 | D        | Found a glowing golden altar of the Shining One.
   501 | D        | Noticed a troll
   501 | D        | Noticed a troll
   501 | D        | Noticed a vampire mosquito
   501 | D        | Noticed a troll
   505 | D        | Killed a troll
   506 | D        | Reached skill level 1 in Dodging
   506 | D        | Reached XP level 5. HP: 38/38 MP: 4/8
   506 | D        | Reached XP level 6. HP: 44/44 MP: 4/9
   506 | D        | Reached * piety under Makhleb
   507 | D        | Reached skill level 5 in Invocations
   507 | D        | Reached skill level 1 in Evocations
   509 | D        | Killed a troll
   510 | D        | Reached XP level 7. HP: 24/49 MP: 4/11
   510 | D        | Killed a troll
   517 | D        | HP: 2/50 [vampire mosquito (7)]
   518 | D        | Killed a vampire mosquito
   518 | D        | Reached ** piety under Makhleb
   519 | D        | Reached XP level 8. HP: 3/56 MP: 5/13
   829 | D        | Noticed a centaur warrior
   829 | D        | Noticed a tarantella
   829 | D        | Noticed a cyclops
   829 | D        | Noticed a catoblepas
   829 | D        | Noticed a manticore
   839 | D        | Noticed a troll
   839 | D        | a tarantella changed into a troll
   848 | D        | Killed a troll
   849 | D        | Reached skill level 1 in Axes
   868 | D        | Killed a centaur warrior
   869 | D        | Reached skill level 10 in Armour
   869 | D        | Reached XP level 9. HP: 31/62 MP: 13/15
   870 | D        | Killed a cyclops
   871 | D        | Reached skill level 10 in Fighting
   875 | D        | Slain by a catoblepas

Illustrated notes

Levels and vault maps discovered:
D:        linesprint [early_d, line_temple, items_1, d_10, items_2, lair_1,
          lair_end, items_3, orc_1, orc_end, items_4, d_15, swamp_1, shoals_1,
          snake_1, spider_1, d_20, vaults_1, items_5, swamp_end, shoals_end,
          snake_end, spider_end, vaults_end, d_27, items_6, zot_1, zot_end,
          crypt_end, forest_end, elf_end, slime_end, tomb_end, abyss_end,
          pan_hell_end]

Skill      XL: |  1  2  3  4  5  6  7  8  9 |
---------------+----------------------------+-----
Fighting       | 4 5 7 8 9 10 | 10.1
Maces & Flails | 3 4 7 8 9 |  9.3
Armour         | 4 5 7 8 9 10 | 10.3
Shields        | 5 7 8 |  8.6
Stealth        | 1 2 3 |  3.0
Dodging        | 1 2 3 |  3.9
Invocations    | 4 6 7 8 |  8.9
Evocations     | 1 2 3 |  3.0
Axes           | 3 4 |  4.1

Action                   |  1- 3 |  4- 6 |  7- 9 || total
-------------------------+-------+-------+-------++-------
Melee: Flail             |    36 |       |       ||    36
       Hand axe          |       |     2 |    45 ||    47
Evoke: Wand              |       |     4 |     4 ||     8
  Use: Potion            |     2 |     1 |     1 ||     4
Armor: Scale mail        |    12 |       |       ||    12
       Ring mail         |       |     7 |     4 ||    11
       Troll leather arm |       |       |    31 ||    31
Dodge: Dodged            |    11 |     6 |    38 ||    55
Block: Buckler           |     7 |       |    19 ||    26

Table legend: (Time is in decaauts)
 A = Elapsed time spent in this place.
 B = Non-inter-level travel time spent in this place.
 C = Inter-level travel time spent in this place.
 D = Time resting spent in this place.
 E = Time spent auto-exploring this place.
 F = Levels seen in this place.
 G = Mean time per level.
                   A        B        C        D        E       F      G
               +--------+--------+--------+--------+--------+-----+--------+
         Total |    898 |    898 |      0 |    645 |      3 |   1 |  898.0 |
       Dungeon |    898 |    898 |      0 |    645 |      3 |   1 |  898.0 |
               +--------+--------+--------+--------+--------+-----+--------+

Top non-repeatable levels by time:
       D: 898 daAuts
